AoeStats
← GA | Oink

Black Forest

509722741Analyzed
2v2 RM · 4d ago on Sep 27, 2026· 22m 39s· 4 players
Game mode
Random Map
Map size
Medium (4 player)
Population
200
Speed
Normal
Resources
Standard
Victory
Conquest
Starting age
Dark Age
Ending age
Imperial Age
RankedLock teamsTeams togetherTeam positionsShared explorationLock speedFull tech treeHidden civsTurbo modeCheats
Victory
Defeat
🇩🇪 Cumans · Germany
974
+14
🇩🇪 Ethiopians · Germany
973
+14
🇫🇷 Franks · France
934
-14
🇬🇧 Burgundians · United Kingdom
929
-14
Ke Wa
2:11 Loom
12:43 Feudal Age
17:22 Castle Age
21:27 Forging
tomhood
11:14 Feudal Age
10:06 Double-Bit Axe
12:37 Wheelbarrow
14:04 Horse Collar
GA | Oink
10:00 Feudal Age
10:41 Double-Bit Axe
13:56 Forging
13:45 Fletching
14:20 Horse Collar
22:36 Castle Age
23:10 Wheelbarrow
22:30 Gold Mining
22:48 Padded Archer Armor
22:37 Crossbowman
23:24 Thumb Ring
GA | Meow
0:30 Loom
11:19 Feudal Age
11:57 Double-Bit Axe
14:33 Horse Collar
Connection lost

Rejoining the realm…

Still unreachable

The connection could not be restored.

Session expired

The server has moved on; the page needs a fresh start.